 Dungeon Crawl Stone Soup version 0.28-a0-1545-g945cd3f27e (webtiles) character file.

Game seed: 1485162860554404661

136 BritishOli the Chopper (level 4, -2/34 HPs)
             Began as a Demonspawn Gladiator on Jan 18, 2022.
             Slain by a gnoll (3 damage)
             ... on level 3 of the Dungeon.
             The game lasted 00:01:22 (2275 turns).

BritishOli the Chopper (Demonspawn Gladiator)       Turns: 2275, Time: 00:01:23

Health: -2/34      AC:  7    Str: 16    XL:     4   Next: 98%
Magic:  4/4        EV: 12    Int: 10    God:
Gold:   136        SH:  0    Dex: 14    Spells: 3/3 levels left

rFire   . . .      SeeInvis .   a - +0 war axe
rCold   . . .      Faith    .   (no shield)
rNeg    . . .      Spirit   .   b - +0 leather armour
rPois   +          Reflect  .   c - +0 helmet
rElec   .          Harm     .   (no cloak)
rCorr   .          Rampage  .   (no gloves)
Will    .....                   k - +0 pair of boots
Stlth   +.........              (no amulet)
HPRegen 0.11/turn               e - ring of flight
MPRegen 0.09/turn               t - ring of poison resistance

@: flying
A: slimy green scales 1, demonic touch 1
a: no special abilities


You were on level 3 of the Dungeon.
You visited 1 branch of the dungeon, and saw 4 of its levels.

You collected 136 gold pieces.

Inventory:

Hand Weapons
 a - a +0 war axe (weapon)
Missiles
 d - 4 throwing nets (quivered)
Armour
 b - a +0 leather armour (worn)
 c - a +0 helmet (worn)
 k - a +0 pair of boots (worn)
Jewellery
 e - a ring of flight (left hand)
 t - a ring of poison resistance (right hand)
Scrolls
 f - a scroll of brand weapon {unknown}
 h - a scroll of fear {unknown}
 j - a scroll of vulnerability {unknown}
 l - a scroll of amnesia {unknown}
 m - a scroll of noise {unknown}
 n - a scroll of magic mapping {unknown}
 o - a scroll of enchant armour {unknown}
 p - a scroll of identify {unknown}
Potions
 g - a potion of invisibility {unknown}
 i - 4 potions of mutation {unknown}
 q - a potion of ambrosia {unknown}
 r - a potion of might {unknown}
 s - a potion of heal wounds {unknown}
 u - a potion of curing {unknown}


   Skills:
 + Level 2.7 Fighting
 * Level 3.8 Axes
 + Level 2.5 Throwing
 + Level 1.3 Armour
 + Level 3.2 Dodging


You had 3 spell levels left.
You didn't know any spells.
Your spell library was empty.

Dungeon Overview and Level Annotations

Branches:
Dungeon (4/15)
 Temple: D:4-7

Altars:

Shops:
D:4 =


Innate Abilities, Weirdness & Mutations

You are partially covered in slimy green scales. (AC +2)
Your touch may inflict minor irresistible damage on your foes.


Message History

You closely miss the gnoll.
The gnoll is severely wounded.
The gnoll barely misses you. The gnoll closely misses you.
The gnoll misses you. The gnoll hits you but does no damage.
There is a stone staircase leading up here.
The gnoll hits you with a +0 club. The gnoll closely misses you.
The gnoll hits you with a +0 spear. The gnoll hits you with a +0 whip.
You fly upwards.
There is a stone staircase leading down here.
You slash the gnoll!
You kill the gnoll!
You barely miss the gnoll. You hit the gnoll.
You hit the gnoll but do no damage. The gnoll hits you with a +0 spear.
The gnoll closely misses you. The gnoll barely misses you.
You are too injured to fight recklessly!
You are too injured to fight recklessly!
You are too injured to fight recklessly!
You hit the gnoll.
The gnoll is moderately wounded.
You hit the gnoll but do no damage. You hit the gnoll.
The gnoll hits you with a +0 spear. The gnoll barely misses you.
The gnoll hits you with a +0 spear!
* * * LOW HITPOINT WARNING * * *
The gnoll closely misses you. The gnoll barely misses you.
The gnoll hits you with a +0 spear.
* * * LOW HITPOINT WARNING * * *
You closely miss the gnoll.
You touch the gnoll.
The gnoll is heavily wounded.
You barely miss the gnoll. You hit the gnoll.
The gnoll hits you with a +0 spear.
* * * LOW HITPOINT WARNING * * *
The gnoll hits you but does no damage. The gnoll barely misses you.
Unknown command.
You barely miss the gnoll.
You touch the gnoll.
The gnoll is severely wounded.
You slash the gnoll!
You kill the gnoll!
You completely miss the gnoll. The gnoll hits you with a +0 spear.
You die...

#.## ##.#.# ...########.#.#
#.........#.#.##########
#.#######.#.#..........# #.#
#.#.#......###.######### #.#
#...##.................# #.#
#####.####.###.###.#.#####.#
#.# #[...........)..##.#.#
#.#
..###..........)@g.......#
#.#
.......#..####.#g...##.#.#
#.# ..####.#..#
#.##..).....#####.#
.......#..#
#.....(...#.......#
..######..#
#.####.#####...#### #.# #.<#
#.# ##.### #...# #.## #..#
#.###....###...# ...##
#..####.##.#..#.##...###
###.##
#....##......###.......#


You could see 2 gnolls.

Vanquished Creatures
  Terence (D:2)
  An orc wizard (D:3)
  2 gnolls (D:3)
  An adder (D:2)
  A worm (D:3)
  3 dart slugs
  3 orcs (D:3)
  3 endoplasms (D:2)
  2 giant cockroaches
  2 goblins
  5 hobgoblins
  6 kobolds
  3 quokkas (D:3)
  4 ball pythons
  11 bats
  6 frilled lizards
  2 rats (D:3)
56 creatures vanquished.

Notes
Turn   | Place    | Note
-------+----------+-------------------------------------------
     0 | D:1      | BritishOli the Demonspawn Gladiator began the quest for the
                  | Orb.
     0 | D:1      | Reached XP level 1. HP: 16/16 MP: 1/1
   193 | D:1      | Gained mutation: Your touch may inflict minor irresistible
                  | damage on your foes. [demonic ancestry]
   193 | D:1      | Reached XP level 2. HP: 22/22 MP: 2/2
   197 | D:1      | Found a faded altar of an unknown god.
  1129 | D:2      | Gained mutation: You are partially covered in slimy green
                  | scales. (AC +2) [demonic ancestry]
  1129 | D:2      | Reached XP level 3. HP: 26/27 MP: 3/3
  1187 | D:2      | Noticed Terence
  1193 | D:2      | Killed Terence
  1194 | D:2      | Reached skill level 1 in Armour
  1451 | D:3      | Reached XP level 4. HP: 34/34 MP: 4/4
  2259 | D:4      | Found Timadopt's Jewellery Emporium.
  2264 | D:4      | Noticed a black bear
  2274 | D:3      | HP: 1/34 [gnoll (5)]
  2275 | D:3      | Slain by a gnoll

Illustrated notes

Levels and vault maps discovered:
D:1:      heliophobic_arrival_ceremonial_halls, layout_basic,
          hellmonk_ecumenical_altar_arch_garden
D:2:      layout_basic, uniq_terence
D:3:      layout_loops_ring
D:4:      layout_basic, gammafunk_ghost_arena, nicolae_stop_n_shop_1,
          minmay_misc_feat_plants

Skill      XL: |  1  2  3 |
---------------+----------+-----
Axes           | 3 |  3.8
Throwing       | 2 |  2.5
Armour         | 1 |  1.3
Dodging        | 3 |  3.2
Fighting       | |  2.7

Action                   |  1- 3 |  4- 6 || total
-------------------------+-------+-------++-------
Melee: War axe           |    62 |    55 ||   117
       Touch             |     7 |     8 ||    15
 Stab: Sleeping          |     1 |       ||     1
Armor: Leather armour    |    27 |    34 ||    61
Dodge: Dodged            |    62 |    44 ||   106

Table legend: (Time is in decaauts)
 A = Elapsed time spent in this place.
 B = Non-inter-level travel time spent in this place.
 C = Inter-level travel time spent in this place.
 D = Time resting spent in this place.
 E = Time spent auto-exploring this place.
 F = Levels seen in this place.
 G = Mean time per level.
                   A        B        C        D        E       F      G
               +--------+--------+--------+--------+--------+-----+--------+
         Total |   2312 |   2258 |     54 |      0 |   1883 |   4 |  578.0 |
       Dungeon |   2312 |   2258 |     54 |      0 |   1883 |   4 |  578.0 |
               +--------+--------+--------+--------+--------+-----+--------+

Top non-repeatable levels by time:
     D:3: 847 daAuts
     D:1: 822 daAuts
     D:2: 630 daAuts
     D:4: 12 daAuts
